[Event "ICC tourney 2545 (5 3)"]
[Site "Internet Chess Club"]
[Date "2021.04.11"]
[Round "5"]
[White "PhaseShift"]
[Black "Hunab"]
[Result "1/2-1/2"]
[ICCResult "Game drawn because neither player has mating material"]
[WhiteElo "1649"]
[BlackElo "1533"]
[Opening "Queen's pawn"]
[ECO "A40"]
[NIC "QO.17"]
[Time "15:46:40"]
[TimeControl "300+3"]

1. d4 e6 2. Nf3 b6 3. g3 Bb7 4. Bg2 f5 5. O-O Nf6 6. c4 Be7 7. Nbd2 O-O 8.
b3 Bb4 9. Bb2 Qe7 10. Qc2 Bxd2 11. Nxd2 Bxg2 12. Kxg2 d6 13. Nf3 Nbd7 14. e3
Ne4 15. b4 a5 16. a3 Ng5 17. Nxg5 Qxg5 18. f4 Qg6 19. d5 e5 20. Rae1 e4 21.
Bd4 h5 22. c5 axb4 23. axb4 bxc5 24. bxc5 dxc5 25. Bxc5 Nxc5 26. Qxc5 h4 27.
Rc1 Ra2+ 28. Rf2 h3+ 29. Kg1 Rfa8 30. Qxc7 Qg4 31. Rxa2 Rxa2 32. Qd8+ Kh7
33. Qh4+ Qxh4 34. gxh4 Rd2 35. Rc5 Kg6 36. Rc6+ Kh5 37. d6 Kxh4 38. Rc7 Kg4
39. Rxg7+ Kf3 40. Rg3+ Ke2 41. Rxh3 Rxd6 42. Rh5 Kf3 43. h4 Rd1+ 44. Kh2
Rd2+ 45. Kh3 Rd1 46. Kh2 Rd2+ 47. Kh3 Kxe3 48. Rxf5 Kf3 49. h5 e3 50. Kh4 e2
51. Re5 Kxf4 52. Re8 Rd1 53. Rf8+ Ke3 54. Re8+ Kf3 55. Rf8+ Kg2 56. Rg8+ Kh2
57. Re8 e1=Q+ 58. Rxe1 Rxe1 59. Kg5 Kh3 60. h6 Rg1+ 61. Kf6 Kg4 62. h7 Rf1+
63. Kg7 Rh1 64. h8=Q Rxh8 65. Kxh8
{Game drawn because neither player has mating material}
1/2-1/2

[Event "ICC tourney 2545 (5 3)"]
[Site "Internet Chess Club"]
[Date "2021.04.11"]
[Round "5"]
[White "MIEMBR"]
[Black "MillzGambit"]
[Result "0-1"]
[ICCResult "White forfeits on time"]
[WhiteElo "1585"]
[BlackElo "1505"]
[Opening "Neo-Grünfeld, 6.O-O c6"]
[ECO "D78"]
[NIC "GI.02"]
[Time "15:46:25"]
[TimeControl "300+3"]

1. d4 d5 2. Nf3 Nf6 3. g3 g6 4. Bg2 Bg7 5. O-O O-O 6. c4 c6 7. b3 dxc4 8.
bxc4 Bf5 9. Bb2 Qd7 10. Qb3 Ne4 11. Ne5 Bxe5 12. dxe5 Nc5 13. Qa3 Nba6 14.
Nc3 Bh3 15. Rad1 Qe6 16. Rd4 Bxg2 17. Kxg2 Qxe5 18. Rfd1 Nc7 19. Na4 Nxa4
20. Qxa4 Qxe2 21. R1d2 Qe6 22. Qc2 f5 23. Qc3 Kf7 24. R2d3 Qf6 25. Re3 Ne6
26. Rd7 Qxc3 27. Bxc3 b6 28. f4 Rfd8 29. Red3 Rxd7 30. Rxd7 Nc5 31. Rc7 Ne4
32. Be5 a6 33. Rxc6 b5 34. c5 a5 35. Rb6 b4 36. c6 Ke8 37. c7 Rc8 38. Ra6
Kd7 39. Rxa5 Nd6 40. Bxd6 Kxd6 41. Rb5 Rxc7 42. Rxb4 Rc2+ 43. Kf3 Rxa2 44.
Rd4+ Ke6 45. h3 Ra3+ 46. Kf2 Kf7 47. Rd7 h6 48. h4 Kf6 49. Rb7 Rd3 50. Rb6+
Rd6 51. Rb5 g5 52. hxg5+ hxg5 53. fxg5+ Kxg5 54. Re5 e6 55. Kf3 Rd3+ 56. Kf2
Kf6 57. Ra5 e5 58. Ra6+ Kg5 59. Ra8 e4 60. Rg8+ Kf6 61. Rf8+ Ke5 62. Re8+
Kd4 63. Rd8+ Kc3 64. Rf8 Rd5 65. Ke3 Rd3+ 66. Kf4 Rf3+ 67. Ke5 e3 68. Rc8+
Kd2 69. Rd8+ Ke1 70. Ra8 e2 71. Ra1+ Kf2 72. Ra2 Kf1 {White forfeits on
time} 0-1

[Event "ICC tourney 2545 (5 3)"]
[Site "Internet Chess Club"]
[Date "2021.04.11"]
[Round "5"]
[White "Havanah"]
[Black "ranadiw"]
[Result "1-0"]
[ICCResult "Black checkmated"]
[WhiteElo "1432"]
[BlackElo "1145"]
[Opening "Sicilian defense"]
[ECO "B30"]
[NIC "SI.31"]
[Time "15:46:28"]
[TimeControl "300+3"]

1. e4 c5 2. Nf3 Nc6 3. c3 e5 4. d4 cxd4 5. cxd4 exd4 6. Nxd4 Bc5 7. Be3 Nxd4
8. Bxd4 Bxd4 9. Qxd4 Qf6 10. e5 Qb6 11. Qxb6 axb6 12. Bb5 f6 13. e6 Ke7 14.
exd7 Bxd7 15. Bxd7 Kxd7 16. O-O Ne7 17. Nc3 Ra5 18. Rfd1+ Kc7 19. a4 Rd8 20.
Nb5+ Kc8 21. b4 Ra8 22. Nd6+ Kb8 23. f3 b5 24. a5 Nc6 25. Rab1 Ne5 26. Nxb5
Rxd1+ 27. Rxd1 Kc8 28. Nd6+ Kc7 29. Nb5+ Kc6 30. Nd4+ Kd5 31. Nf5+ Kc4 32.
Nxg7 Kxb4 33. Rb1+ Kc3 34. Rxb7 Rxa5 35. Ne6 Nd3 36. h4 Kd2 37. Rxh7 Ra1+
38. Kh2 Ke2 39. h5 Ra5 40. Rf7 Rxh5+ 41. Kg3 Ne1 42. Rxf6 Kf1 43. Nf4 Rh8
44. Kg4 Nxg2 45. Nxg2 Kxg2 46. f4 Rg8+ 47. Kf5 Kf3 48. Ke5 Re8+ 49. Kf5 Rg8
50. Rf7 Ra8 51. Kg6 Ra6+ 52. Kg7 Kg4 53. f5 Kg5 54. f6 Rb6 55. Rf8 Rb7+ 56.
f7 Rb6 57. Rg8 Rb7 58. Kh8+ Kh6 59. f8=Q+ Kh5 60. Qf5+ Kh4 61. Qg4#
{Black checkmated}
1-0

[Event "ICC tourney 2545 (5 3)"]
[Site "Internet Chess Club"]
[Date "2021.04.11"]
[Round "5"]
[White "HorseHead"]
[Black "AbhinavSinha19"]
[Result "0-1"]
[ICCResult "White checkmated"]
[WhiteElo "1299"]
[BlackElo "1275"]
[Opening "Giuoco Piano: Bird's attack"]
[ECO "C54"]
[NIC "IG.02"]
[Time "15:46:29"]
[TimeControl "300+3"]

1. e4 e5 2. Nf3 Nc6 3. Bc4 Bc5 4. c3 Nf6 5. b4 Bb6 6. a4 a6 7. a5 Ba7 8. d3
d5 9. exd5 Nxd5 10. O-O Be6 11. Bxd5 Bxd5 12. Be3 O-O 13. d4 e4 14. Ng5 h6
15. Nh3 f5 16. Nf4 Qf6 17. Nxd5 Qd6 18. Nf4 g5 19. Nh5 Qg6 20. d5 Ne5 21. f4
Bxe3+ 22. Kh1 gxf4 23. Nxf4 Bxf4 24. Rxf4 Qg5 25. g3 Nd3 26. Rf1 Kh8 27. Ra2
Rad8 28. Qb3 e3 29. Rg2 Nf2+ 30. Kg1 e2 31. Re1 Nh3+ 32. Kh1 Rfe8 33. c4 Re7
34. Qc3+ Kh7 35. Nd2 Rde8 36. Nf3 Qg4 37. c5 Re3 38. Qf6 Rxf3 39. Qf7+ Qg7
40. Qxe8 Rf1+ 41. Rg1 Rxg1+ 42. Rxg1 Nxg1 43. Kxg1 Qd4+ 44. Kg2 Qe4+ 45.
Qxe4 fxe4 46. Kf2 Kg6 47. Kxe2 Kf5 48. h4 h5 49. d6 cxd6 50. cxd6 Ke6 51. d7
Kxd7 52. Ke3 Kc6 53. Kxe4 Kb5 54. Kf4 Kxb4 55. Kg5 Kxa5 56. Kxh5 b5 57. g4
b4 58. g5 b3 59. g6 b2 60. g7 b1=Q 61. g8=Q Qb5+ 62. Qg5 Ka4 63. Qxb5+ axb5
64. Kg4 b4 65. h5 b3 66. h6 b2 67. h7 b1=Q 68. h8=Q Qg1+ 69. Kf4 Qf1+ 70.
Kg5 Qg1+ 71. Kf6 Qa1+ 72. Kg6 Qxh8 73. Kf5 Qg7 74. Ke4 Qf6 75. Ke3 Qf5 76.
Kd4 Kb5 77. Kc3 Qe4 78. Kd2 Qf3 79. Kc2 Kc4 80. Kb2 Qe3 81. Ka2 Qb3+ 82. Ka1
Qb8 83. Ka2 Kc3 84. Ka1 Qb2# {White checkmated} 0-1

[Event "ICC tourney 2545 (5 3)"]
[Site "Internet Chess Club"]
[Date "2021.04.11"]
[Round "5"]
[White "MasterZachary"]
[Black "sorrym8"]
[Result "1/2-1/2"]
[ICCResult "Game drawn by mutual agreement"]
[WhiteElo "2168"]
[BlackElo "1870"]
[Opening "Sicilian defense"]
[ECO "B30"]
[NIC "SI.31"]
[Time "15:45:59"]
[TimeControl "300+3"]

1. e4 c5 2. Nf3 Nc6 3. Nc3 Nf6 4. Bb5 Nd4 5. e5 Nxb5 6. Nxb5 Nd5 7. Ng5 a6
8. Qh5 g6 9. Qf3 f6 10. Qxd5 fxg5 11. Nc3 e6 12. Qf3 Bg7 13. O-O Bxe5 14.
Re1 Bd4 15. Re2 Qf6 16. Qxf6 Bxf6 17. d3 h6 18. Be3 b6 19. Na4 Rb8 20. Rd1
Kf7 21. d4 cxd4 22. Bxd4 Bxd4 23. Rxd4 d5 24. Rb4 b5 25. Nc5 a5 26. Rb3 Re8
27. Rf3+ Kg7 28. Rfe3 Rb6 29. Re5 Rc6 30. Nb3 a4 31. Nd4 Rb6 32. Rxd5 Rf8
33. Rde5 Rd8 34. c3 b4 35. f3 a3 36. Kf2 Kf7 37. Ke3 Ba6 38. Rd2 b3 39. axb3
Kf6 40. Ra5 e5 41. Nc2 axb2 42. Na3 Rxd2 43. Kxd2 Bb7 44. Kc2 e4 45. fxe4
Bxe4+ 46. Kxb2 Bxg2 47. c4 h5 48. c5 Re6 49. b4 h4 50. b5 g4 51. Ra7 h3 52.
Rh7 Re5 53. c6 Rh5 54. Rd7 g3 55. hxg3 h2 56. Rd1 h1=Q 57. Rxh1 Bxh1 58. Kc3
Ke6 59. Kd4 Kd6 60. Nc4+ Kc7 61. Ne5 Rg5 62. g4 Bg2 63. Nf7 Rxg4+ 64. Kc5
Bxc6 65. b6+ Kb7 66. Nd8+ Kc8 67. Nxc6 Rg1 68. Kd6 Rd1+ 69. Ke5 Kb7 70. Nd4
Kxb6 71. Ne6 Kc6 72. Kf6 Kd6 73. Ng5 Rg1 74. Kxg6 Ke5 75. Kh5 Kf5 76. Nh3
Rg8 77. Kh4 Rg7 78. Nf2 Rg2 79. Nh3 Rg4+ 80. Kh5 Ra4 81. Nf2 Ra3 82. Kh4 Rf3
83. Nh3 Rf1 84. Kg3 Ra1 85. Nf2 Ra3+ 86. Kg2 Rb3 87. Nh3 Ke5 88. Nf2 Kf4 89.
Nh3+ Ke3 90. Kg3 Rb8 91. Kg4 Rh8 92. Ng5 Rf8 93. Nh3 Rf1 94. Ng5 Rf6 95. Nh3
Rf3 96. Ng5 Rf4+ 97. Kg3 Rf8 98. Kg4 Rg8 99. Kf5 Rb8 100. Nf7
{Game drawn by mutual agreement}
1/2-1/2

[Event "ICC tourney 2545 (5 3)"]
[Site "Internet Chess Club"]
[Date "2021.04.11"]
[Round "5"]
[White "kdbel"]
[Black "Chaos23"]
[Result "0-1"]
[ICCResult "White resigns"]
[WhiteElo "1567"]
[BlackElo "1883"]
[Opening "Scandinavian defense"]
[ECO "B01"]
[NIC "SD.03"]
[Time "15:46:24"]
[TimeControl "300+3"]

1. e4 d5 2. exd5 Nf6 3. d4 Bg4 4. Nf3 Qxd5 5. Be2 e6 6. Be3 Nc6 7. O-O Be7
8. Nc3 Qd7 9. Qd2 O-O 10. Rad1 Rad8 11. Qc1 Nd5 12. Nxd5 exd5 13. h3 Bf5 14.
c3 Bd6 15. Bf4 Rde8 16. Rfe1 Re4 17. Bxd6 Qxd6 18. Bd3 Rxe1+ 19. Nxe1 Qg6
20. Bxf5 Qxf5 21. Qe3 Qd7 22. Nd3 Re8 23. Qf3 b6 24. Nf4 Re4 25. g3 Ne7 26.
Kg2 c6 27. Nd3 f6 28. Rd2 Nf5 29. Re2 Nd6 30. Nf4 Qe7 31. Rxe4 Nxe4 32. Qe3
Kf7 33. f3 Nd6 34. Qxe7+ Kxe7 35. Kf2 Nc4 36. b3 Nd6 37. g4 Nb5 38. Ne2 Kd6
39. Ke3 Nc7 40. c4 c5 41. Kd3 Ne6 42. cxd5 Kxd5 43. Nc3+ Kd6 44. dxc5+ Nxc5+
45. Ke3 Kc6 46. f4 g6 47. h4 h6 48. b4 Nd7 49. a3 a6 50. Kd4 Kd6 51. Ne4+
Ke6 52. g5 hxg5 53. hxg5 fxg5 54. fxg5 Ne5 55. Ng3 Nf3+ 56. Ke4 Nxg5+ 57.
Kf4 Nf7 58. Ne4 Kd5 59. Nd2 Kd4 60. Ne4 Kc4 61. Nd2+ Kc3 62. Ke3 Kb2 63.
Nc4+ Kb3 64. Nxb6 Kxa3 65. Nd5 Ka4 66. Kf4 Kb5 67. Nc7+ Kb6 68. Nd5+ Kc6 69.
Ne7+ Kb5 70. Nxg6 Kxb4 71. Ne7 Kc4 72. Ke3 a5 73. Nc8 Ne5 74. Kd2 Nd7 75.
Kc2 Kb4 76. Kb2 a4 77. Nd6 Nc5 78. Ne4 Nxe4 79. Ka2 Nc3+ 80. Ka1 Nb5 81. Ka2
a3 82. Ka1 Kb3 83. Kb1 Nd4 84. Ka1 Nc2+ 85. Kb1 a2+ 86. Kc1 a1=Q+
{White resigns}
0-1

[Event "ICC tourney 2545 (5 3)"]
[Site "Internet Chess Club"]
[Date "2021.04.11"]
[Round "5"]
[White "Bushchess"]
[Black "Moncu"]
[Result "0-1"]
[ICCResult "White forfeits on time"]
[WhiteElo "1607"]
[BlackElo "2339"]
[Opening "Réti opening"]
[ECO "A05"]
[NIC "QP.11"]
[Time "15:46:25"]
[TimeControl "300+3"]

1. Nf3 Nf6 2. g3 d5 3. Bg2 c6 4. O-O Bf5 5. d3 e6 6. Nbd2 h6 7. Qe1 Be7 8.
e4 Bh7 9. Qe2 O-O 10. Re1 Nbd7 11. e5 Ne8 12. d4 c5 13. c3 Nb8 14. dxc5 Bxc5
15. Nb3 Be7 16. Be3 Nc6 17. Bd4 Nc7 18. Rad1 Qc8 19. Bc5 Bxc5 20. Nxc5 b6
21. Nb3 Na6 22. c4 Nab4 23. cxd5 Nxd5 24. Rc1 Qb7 25. Nfd4 Rac8 26. Nb5 Qa6
27. Nd6 Qxe2 28. Rxe2 Rc7 29. f4 Ncb4 30. Rxc7 Nxc7 31. a3 Nbd5 32. Nd4 Ne8
33. Nc8 Nec7 34. Nxa7 Ra8 35. Nab5 Nxb5 36. Nxb5 Ra5 37. Nd6 Rc5 38. h3 Kf8
39. Ne4 Rc1+ 40. Kh2 Ke7 41. Nd6 f6 42. Nb5 fxe5 43. fxe5 Bd3 44. Nd4 Bxe2
45. Nxe2 Rc2 46. Nd4 Rxb2 47. Kg1 Ra2 48. Nc6+ Kd7 49. Bxd5 exd5 50. Nb4
Rxa3 51. Nxd5 b5 52. Kf2 Rd3 53. e6+ Kd6 54. e7 Kd7 55. Nc7 Kxe7 56. Nxb5
Ke6 57. h4 Ke5 58. Nc7 Ke4 59. Ne6 Rf3+ 60. Kg2 Rf7 61. Nc5+ Kf5 62. Kh3 Rc7
63. Nd3 Rc3 64. Nf4 Rc1 65. Nh5 g6 66. g4+ Ke5 67. Ng3 Rc3 68. Kg2 Ra3 69.
Ne2 Ra2 70. Kf3 Rb2 71. Ke3 Rb3+ 72. Kf2 Ke4 73. h5 g5 74. Ng3+ Kf4 75. Nf5
Rb2+ 76. Kg1 Kxg4 77. Nxh6+ Kxh5 78. Nf5 Kg4 79. Ne3+ Kh3 80. Nd5 Rd2 81.
Nf6 g4 82. Nh5 Rd4 83. Kf2 Rd2+ 84. Kg1 Ra2 85. Nf4+ Kh4 86. Ng2+ Kg3 87.
Ne3 Ra1+ 88. Nf1+ Kf3 89. Kh2 Ra2+ 90. Kg1 g3 {White forfeits on time} 0-1

[Event "ICC tourney 2545 (5 3)"]
[Site "Internet Chess Club"]
[Date "2021.04.11"]
[Round "5"]
[White "sandeep3345"]
[Black "alekhsay"]
[Result "1-0"]
[ICCResult "Black checkmated"]
[WhiteElo "1376"]
[BlackElo "846"]
[Opening "Caro-Kann defense"]
[ECO "B10"]
[NIC "CK.01"]
[Time "16:01:59"]
[TimeControl "300+3"]

1. e4 c6 2. Nf3 d5 3. exd5 cxd5 4. d4 Bg4 5. h3 Bh5 6. Be2 e6 7. O-O Bd6 8.
Nc3 a6 9. Ne5 Bg6 10. Bh5 Ne7 11. f4 Nf5 12. Nxg6 hxg6 13. Bg4 Ng3 14. Rf3
Qh4 15. Kh2 f5 16. Rxg3 fxg4 17. Qxg4 Qf6 18. Bd2 Nd7 19. Re1 Nf8 20. Nxd5
O-O-O 21. Nxf6 gxf6 22. Qf3 Kb8 23. a3 g5 24. Bb4 Bxf4 25. Bxf8 Rdxf8 26.
Kh1 f5 27. Rxe6 Bxg3 28. Qxg3+ f4 29. Qb3 Rh7 30. Qb4 Re8 31. Rxe8+ Ka7 32.
Re7 Rxe7 33. Qxe7 g4 34. hxg4 f3 35. gxf3 Kb6 36. g5 a5 37. g6 Kb5 38. g7 a4
39. g8=Q Ka5 40. Qd5+ b5 41. Qa7# {Black checkmated} 1-0

[Event "ICC tourney 2545 (5 3)"]
[Site "Internet Chess Club"]
[Date "2021.04.11"]
[Round "6"]
[White "Onandov"]
[Black "chessplanet"]
[Result "0-1"]
[ICCResult "White resigns"]
[WhiteElo "1637"]
[BlackElo "1740"]
[Opening "English opening: Agincourt variation"]
[ECO "A13"]
[NIC "RE.09"]
[Time "16:14:03"]
[TimeControl "300+3"]

1. Nf3 d5 2. c4 e6 3. b3 Nf6 4. g3 Be7 5. Bg2 O-O 6. O-O b6 7. Bb2 Bb7 8. d4
Nbd7 9. Nc3 c5 10. Rc1 dxc4 11. bxc4 cxd4 12. Nxd4 Bxg2 13. Kxg2 Qc7 14. Qd3
Ne5 15. Qe3 Nxc4 {White resigns} 0-1

[Event "ICC tourney 2545 (5 3)"]
[Site "Internet Chess Club"]
[Date "2021.04.11"]
[Round "6"]
[White "Jaburu"]
[Black "Rsalvio"]
[Result "1-0"]
[ICCResult "Black resigns"]
[WhiteElo "1651"]
[BlackElo "1398"]
[Opening "French defense, Steiner variation"]
[ECO "C00"]
[NIC "FR.01"]
[Time "16:15:01"]
[TimeControl "300+3"]

1. e4 e6 2. c4 b6 3. Nf3 Bb7 4. d3 Nf6 5. Nc3 d5 6. cxd5 exd5 7. e5 d4 8.
exf6 dxc3 9. Qe2+ Kd7 10. Ne5+ Ke6 11. Nc6+ Kd7 12. Nxd8 Kxd8 13. bxc3 Bc5
14. d4 Re8 15. Be3 Ba6 16. Qf3 Bxf1 17. Kxf1 {Black resigns} 1-0

[Event "ICC tourney 2545 (5 3)"]
[Site "Internet Chess Club"]
[Date "2021.04.11"]
[Round "6"]
[White "devimuru"]
[Black "racerbil"]
[Result "0-1"]
[ICCResult "White checkmated"]
[WhiteElo "1046"]
[BlackElo "1421"]
[Opening "Giuoco Pianissimo: Italian four knights variation"]
[ECO "C47"]
[NIC "KP.06"]
[Time "16:13:54"]
[TimeControl "300+3"]

1. e4 e5 2. Nc3 Nc6 3. Nf3 Nf6 4. Bc4 Bc5 5. d3 d6 6. O-O Be6 7. Bxe6 fxe6
8. d4 exd4 9. Nb5 e5 10. Bg5 h6 11. Bh4 g5 12. Bg3 Nxe4 13. Re1 Nxg3 14.
hxg3 Qe7 15. g4 O-O-O 16. Nxa7+ Bxa7 17. b3 h5 18. b4 Nxb4 19. c3 dxc3 20.
Qxd6 cxd6 21. Rxe5 dxe5 22. Nxg5 Qxg5 23. Rd1 Rxd1+ 24. Kh2 hxg4+ 25. Kg3
Qf4# {White checkmated} 0-1

[Event "ICC tourney 2545 (5 3)"]
[Site "Internet Chess Club"]
[Date "2021.04.11"]
[Round "6"]
[White "kartheek24"]
[Black "Fimachess2021"]
[Result "1-0"]
[ICCResult "Black checkmated"]
[WhiteElo "1831"]
[BlackElo "1461"]
[Opening "English: Caro-Kann defensive system"]
[ECO "A12"]
[NIC "RE.04"]
[Time "16:14:30"]
[TimeControl "300+3"]

1. c4 c6 2. Nf3 d5 3. b3 Nf6 4. g3 h6 5. Bg2 Bf5 6. d3 e6 7. O-O Be7 8. Re1
O-O 9. Bb2 a5 10. Qc2 Na6 11. a3 Nc5 12. Nbd2 a4 13. b4 Ncd7 14. e4 dxe4 15.
dxe4 Bh7 16. Rad1 Qc7 17. Qc3 e5 18. Nxe5 Nxe5 19. Qxe5 Bd6 20. Qc3 Rfe8 21.
f4 Ng4 22. Qxg7# {Black checkmated} 1-0

[Event "ICC tourney 2545 (5 3)"]
[Site "Internet Chess Club"]
[Date "2021.04.11"]
[Round "6"]
[White "iamGodskid"]
[Black "JJrook"]
[Result "1-0"]
[ICCResult "Black checkmated"]
[WhiteElo "1407"]
[BlackElo "1394"]
[Opening "Queen's pawn game"]
[ECO "A45"]
[NIC "QP.07"]
[Time "16:15:19"]
[TimeControl "300+3"]

1. d4 Nf6 2. g3 d5 3. Bg2 e6 4. Nf3 c5 5. Bg5 Nc6 6. c3 Qc7 7. Bxf6 gxf6 8.
O-O Bd7 9. Na3 a6 10. Nc2 O-O-O 11. b4 cxb4 12. Nxb4 Bxb4 13. cxb4 Nxb4 14.
Rc1 Nc6 15. Qa4 Kb8 16. Qb3 Qd6 17. Qb2 Na5 18. Rb1 Nc4 19. Qxb7#
{Black checkmated}
1-0

[Event "ICC tourney 2545 (5 3)"]
[Site "Internet Chess Club"]
[Date "2021.04.11"]
[Round "6"]
[White "ickyquarter"]
[Black "byumitchell"]
[Result "1-0"]
[ICCResult "Black resigns"]
[WhiteElo "1667"]
[BlackElo "1209"]
[Opening "Caro-Kann: Tartakower (fantasy) variation"]
[ECO "B12"]
[NIC "CK.02"]
[Time "16:14:44"]
[TimeControl "300+3"]

1. e4 c6 2. d4 d5 3. f3 dxe4 4. fxe4 e5 5. Nf3 exd4 6. Bc4 Be6 7. Bxe6 fxe6
8. O-O Qf6 9. Ng5 Qg6 10. Nf7 Bc5 11. Nxh8 Nf6 12. Nxg6 {Black resigns} 1-0

[Event "ICC tourney 2545 (5 3)"]
[Site "Internet Chess Club"]
[Date "2021.04.11"]
[Round "6"]
[White "SunKing007"]
[Black "michaelxiao"]
[Result "1-0"]
[ICCResult "Black resigns"]
[WhiteElo "1684"]
[BlackElo "1354"]
[Opening "QGD: 3...Nf6"]
[ECO "D35"]
[NIC "QO.16"]
[Time "16:14:48"]
[TimeControl "300+3"]

1. d4 d5 2. c4 e6 3. Nc3 Nf6 4. e3 c5 5. Nf3 cxd4 6. exd4 Nc6 7. Be2 Be7 8.
O-O O-O 9. h3 dxc4 10. Bxc4 b6 11. Bf4 Bb7 12. Rc1 Rc8 13. d5 exd5 14. Bxd5
Nxd5 15. Nxd5 Bd6 16. Bxd6 Qxd6 17. Re1 Rfe8 18. Ne7+ Nxe7 19. Qxd6 Rxc1 20.
Rxc1 Nf5 21. Qd7 Kf8 22. Rc7 Re7 23. Qd8+ Re8 24. Qg5 Bxf3 25. Qxf5 Re1+ 26.
Kh2 Bh5 27. Qxh5 {Black resigns} 1-0

[Event "ICC tourney 2545 (5 3)"]
[Site "Internet Chess Club"]
[Date "2021.04.11"]
[Round "6"]
[White "BK10"]
[Black "JstackGA"]
[Result "1-0"]
[ICCResult "Black resigns"]
[WhiteElo "1577"]
[BlackElo "1430"]
[Opening "French: advance, Euwe variation"]
[ECO "C02"]
[NIC "FR.03"]
[Time "16:14:20"]
[TimeControl "300+3"]

1. e4 e6 2. d4 d5 3. e5 c5 4. c3 Nc6 5. Nf3 Bd7 6. dxc5 Bxc5 7. b4 Bb6 8. b5
Na5 9. Bd3 Ne7 10. Ng5 Ng6 11. Qe2 Rc8 12. h4 Qc7 13. Nf3 Nc4 14. a4 Ba5 15.
Bxc4 Qxc4 16. Bd2 O-O 17. h5 Ne7 18. Rh4 Nf5 19. Rxc4 {Black resigns} 1-0

[Event "ICC tourney 2545 (5 3)"]
[Site "Internet Chess Club"]
[Date "2021.04.11"]
[Round "6"]
[White "CoachConor"]
[Black "zwerstil"]
[Result "1-0"]
[ICCResult "Black checkmated"]
[WhiteElo "1056"]
[BlackElo "1199"]
[Opening "French defense"]
[ECO "C00"]
[NIC "FR.01"]
[Time "16:15:06"]
[TimeControl "300+3"]

1. e4 e6 2. Nc3 Nc6 3. Bb5 Bd6 4. Qe2 Ne5 5. Nf3 Nf6 6. d4 Nxf3+ 7. Qxf3 Bb4
8. Bd2 c6 9. O-O-O cxb5 10. Nxb5 Bxd2+ 11. Rxd2 a6 12. Nd6+ Kf8 13. e5 Nd5
14. c4 Nb4 15. Qxf7# {Black checkmated} 1-0

[Event "ICC tourney 2545 (5 3)"]
[Site "Internet Chess Club"]
[Date "2021.04.11"]
[Round "6"]
[White "MrEndron"]
[Black "EVMIGR"]
[Result "0-1"]
[ICCResult "White resigns"]
[WhiteElo "1443"]
[BlackElo "1474"]
[Opening "Queen's bishop game"]
[ECO "D02"]
[NIC "QP.08"]
[Time "16:15:08"]
[TimeControl "300+3"]

1. d4 d5 2. Nf3 Nf6 3. Bf4 Nbd7 4. e3 e6 5. Nbd2 Bd6 6. Bxd6 cxd6 7. Bd3 e5
8. dxe5 dxe5 9. Bb5 a6 10. Bxd7+ Nxd7 11. Nb3 e4 12. Nfd4 Ne5 13. Qh5 Qf6
14. O-O Bg4 {White resigns} 0-1

[Event "ICC tourney 2545 (5 3)"]
[Site "Internet Chess Club"]
[Date "2021.04.11"]
[Round "6"]
[White "janh"]
[Black "cap78red"]
[Result "1-0"]
[ICCResult "Black checkmated"]
[WhiteElo "1721"]
[BlackElo "1385"]
[Opening "Queen's pawn: London system"]
[ECO "A45"]
[NIC "QP.07"]
[Time "16:15:00"]
[TimeControl "300+3"]

1. d4 Nf6 2. Bf4 c6 3. Nc3 Nd5 4. Nxd5 g5 5. Nc7+ Qxc7 6. Bxc7 Na6 7. Be5 f6
8. Bg3 Bg7 9. e4 O-O 10. h4 g4 11. Qxg4 d5 12. Qf3 dxe4 13. Qxe4 f5 14. Qf3
Bxd4 15. O-O-O e5 16. Bxa6 bxa6 17. Qxc6 Rb8 18. Rxd4 exd4 19. Bxb8 Bd7 20.
Qxd7 Rxb8 21. Qe6+ Kg7 22. Qe5+ Kg6 23. Qxb8 d3 24. cxd3 f4 25. Nf3 a5 26.
h5+ Kg7 27. h6+ Kg6 28. Rh4 a4 29. Qd6+ Kf5 30. Rxf4# {Black checkmated} 1-0

[Event "ICC tourney 2545 (5 3)"]
[Site "Internet Chess Club"]
[Date "2021.04.11"]
[Round "6"]
[White "Morad-Magdy"]
[Black "bandhu2"]
[Result "0-1"]
[ICCResult "White resigns"]
[WhiteElo "1919"]
[BlackElo "1747"]
[Opening "Dutch"]
[ECO "A87"]
[NIC "HD.06"]
[Time "16:14:42"]
[TimeControl "300+3"]

1. d4 f5 2. Nf3 Nf6 3. g3 g6 4. Bg2 Bg7 5. O-O O-O 6. c4 d6 7. Nc3 e6 8. Qc2
Nc6 9. Rd1 Qe7 10. e4 fxe4 11. Nxe4 Nxe4 12. Qxe4 e5 13. Bg5 Qf7 14. dxe5
dxe5 15. Rd2 Be6 16. b3 Bf5 17. Qd5 e4 18. Nd4 Qxd5 19. cxd5 Nxd4 20. Rc1
Rf7 21. Bf4 Rd8 22. Rxc7 Rxc7 23. Bxc7 Rxd5 24. Kf1 Rc5 25. Bxe4 Bxe4
{White resigns}
0-1

[Event "ICC tourney 2545 (5 3)"]
[Site "Internet Chess Club"]
[Date "2021.04.11"]
[Round "6"]
[White "skschess"]
[Black "MIEMBR"]
[Result "0-1"]
[ICCResult "White resigns"]
[WhiteElo "1316"]
[BlackElo "1587"]
[Opening "Sicilian: Alapin's variation (2.c3)"]
[ECO "B22"]
[NIC "SI.46"]
[Time "16:14:51"]
[TimeControl "300+3"]

1. e4 c5 2. c3 Nf6 3. d4 Nxe4 4. Be3 cxd4 5. cxd4 d5 6. Nd2 Nf6 7. Ngf3 Nc6
8. Bd3 Bg4 9. h3 Bh5 10. O-O e6 11. Be2 Bd6 12. Nb3 O-O 13. Nfd2 Bxe2 14.
Qxe2 b6 15. Nf3 Qe7 16. Bd2 Rac8 17. Ne5 Ne4 18. Nxc6 Rxc6 19. Be3 Rfc8 20.
Rac1 Rxc1 21. Rxc1 Rxc1+ 22. Bxc1 Qf6 23. f3 Ng3 24. Qa6 h6 25. Bd2 Nf5 26.
Qxa7 Nxd4 27. Qxb6 Be5 28. Nxd4 Bxd4+ {White resigns} 0-1

[Event "ICC tourney 2545 (5 3)"]
[Site "Internet Chess Club"]
[Date "2021.04.11"]
[Round "6"]
[White "jps7"]
[Black "yitongjianghu"]
[Result "1-0"]
[ICCResult "Black resigns"]
[WhiteElo "1501"]
[BlackElo "1308"]
[Opening "King's Indian: East Indian defense"]
[ECO "A48"]
[NIC "QP.06"]
[Time "16:14:02"]
[TimeControl "300+3"]

1. d4 Nf6 2. Nf3 g6 3. e3 Bg7 4. Bd3 d5 5. O-O O-O 6. h3 Nbd7 7. Nbd2 e6 8.
b3 c5 9. Ba3 b6 10. Ne5 Nxe5 11. dxe5 Nd7 12. f4 g5 13. Rb1 gxf4 14. exf4
Qh4 15. Kh2 d4 16. g3 Qh6 17. Qf3 Rb8 18. Be4 Nxe5 19. Qe2 Ng6 20. Nf3 e5
21. f5 Ne7 22. g4 f6 23. Bc1 Qxc1 24. Rbxc1 a6 25. Bd3 b5 26. c4 dxc3 27.
Rxc3 Nd5 28. Rxc5 Nf4 29. Qe4 Bb7 30. Qe3 Nxd3 31. Qxd3 e4 32. Qd7 exf3 33.
Rc7 {Black resigns} 1-0

[Event "ICC tourney 2545 (5 3)"]
[Site "Internet Chess Club"]
[Date "2021.04.11"]
[Round "6"]
[White "siddarth1"]
[Black "PhaseShift"]
[Result "1-0"]
[ICCResult "Black checkmated"]
[WhiteElo "1459"]
[BlackElo "1624"]
[Opening "Sicilian: Alapin's variation (2.c3)"]
[ECO "B22"]
[NIC "SI.47"]
[Time "16:15:28"]
[TimeControl "300+3"]

1. e4 c5 2. c3 Nf6 3. e5 Nd5 4. d4 cxd4 5. Nf3 e6 6. cxd4 b6 7. Bc4 Bb7 8.
O-O Be7 9. Nc3 Nxc3 10. bxc3 Qc7 11. Bd3 d6 12. Bd2 Nd7 13. Re1 dxe5 14.
dxe5 O-O 15. Bg5 Bxg5 16. Bxh7+ Kh8 17. Nxg5 f6 18. Qh5 fxg5 19. Bg6+ Kg8
20. Qh7# {Black checkmated} 1-0

[Event "ICC tourney 2545 (5 3)"]
[Site "Internet Chess Club"]
[Date "2021.04.11"]
[Round "6"]
[White "Z3N"]
[Black "tistime"]
[Result "1-0"]
[ICCResult "Black resigns"]
[WhiteElo "1519"]
[BlackElo "1300"]
[Opening "QGD: Marshall defense"]
[ECO "A50"]
[NIC "QP.07"]
[Time "16:14:40"]
[TimeControl "300+3"]

1. d4 Nf6 2. c4 d5 3. cxd5 Nxd5 4. Nf3 Nc6 5. e4 Nb6 6. d5 Nb8 7. a4 Bg4 8.
a5 N6d7 9. Be2 c6 10. O-O h5 11. h3 Bxf3 12. Bxf3 Nf6 13. Nc3 g5 14. Bxg5
Rg8 15. Bxf6 exf6 16. Re1 h4 17. Qb3 cxd5 18. exd5+ Be7 19. Qxb7 Nd7 20. d6
Ne5 21. dxe7 Nxf3+ 22. Qxf3 Qd4 23. Qxa8+ {Black resigns} 1-0